 Dungeon Crawl Stone Soup version 0.31-a0-430-gf8416d752b (console) character file.

Game seed: 7854232183559736353

11 Lexodia the Vexing (level 2, 0/11 HPs)
             Began as a Felid Enchanter on July 31, 2023.
             Frozen to death by an endoplasm (4 damage)
             ... on level 1 of the Dungeon.
             The game lasted 00:01:30 (508 turns).

Lexodia the Vexing (Felid Enchanter)                 Turns: 508, Time: 00:01:31

Health: 0/11       AC:  1    Str:  4    XL:     2   Next: 13%
Magic:  2/6        EV: 17    Int: 16    God:
Gold:   46         SH:  0    Dex: 16    Spells: 3/5 levels left
                                        Lives:  0   Deaths: 0

rFire   . .          .
                       - Unarmed
rCold   . . .        (shield unavailable)
rNeg    . . .        (body armour unavailable)
rPois   .            (helmet unavailable)
rElec   .            (cloak unavailable)
rCorr   .            (gloves unavailable)
SInv    +            (boots unavailable)
Will    .....        (no amulet)
Stlth   +++          (no ring)
HPRegen 0.21/turn    (no ring)
MPRegen 0.10/turn

%: no passive effects
@: very slightly contaminated, quick
A: very small, claws 1, fangs 3, see invisible, speed 1, shaggy fur 1, stealthy
paws, no weapons or thrown items, no armour, multi-lived
a: no special abilities


You were on level 1 of the Dungeon.
You visited 1 branch of the dungeon, and saw 1 of its levels.

You collected 46 gold pieces.

Inventory:

Scrolls
 b - a scroll of teleportation {unknown}
 c - a scroll of noise {unknown}
 d - a scroll of identify {unknown}
 g - a scroll of enchant weapon {unknown}
Potions
 a - 2 potions of invisibility
 e - a potion of lignification {unknown}
 f - a potion of enlightenment {unknown}


   Skills:
 + Level 2.9 Dodging
 + Level 4.2 Stealth
 + Level 1.3 Unarmed Combat
 + Level 2.1 Spellcasting
 + Level 4.6 Hexes
 + Level 0.1 Ice Magic


You had 3 spell levels left.
You knew the following spells:

 Your Spells              Type           Power      Damage    Failure   Level
a - Ensorcelled Hibernat  Hex/Ice        18%        N/A       12%         2

Your spell library contained the following spells:

 Spells                   Type           Power      Damage    Failure   Level
 Confusing Touch          Hex            16%        N/A       9%          3
 Tukima's Dance           Hex            16%        N/A       9%          3
 Necrotise                Necr           4%         1d4       21%         1
 Dazzling Flash           Conj/Hex       18%        N/A       24%         3
 Vampiric Draining        Necr           1%         2d6       52%         3
 Agony                    Necr           1%         N/A       99%         5


Dungeon Overview and Level Annotations

Branches:
Dungeon (1/15)

Altars:


Innate Abilities, Weirdness & Mutations

You have sharp claws.
You have razor-sharp teeth.
You have supernaturally acute eyesight. (SInv)
You cover ground quickly. (Speed+)
You are covered in fur. (AC +1)
Your paws help you pounce on unaware monsters.
You are incapable of wielding weapons or throwing items.
You cannot wear armour.
You gain extra lives every three experience levels.


Message History

The frilled lizard closely misses you.
The endoplasm quivers.
You scratch the frilled lizard.
You kill the frilled lizard!
The endoplasm quivers.
The endoplasm completely misses you.
You see here a storm talisman.
You scratch the endoplasm.
The endoplasm is severely wounded.
The endoplasm hits you but does no damage.
You scratch the endoplasm.
You bite the endoplasm, but do no damage.
The endoplasm is almost dead.
The endoplasm freezes you.
You are frozen.
Huge Dmg: -27%(-3hp) hp: 73%(8hp)
You scratch the endoplasm but do no damage.
The endoplasm is almost dead.
The endoplasm closely misses you.
You scratch the endoplasm but do no damage.
The endoplasm is almost dead.
The endoplasm barely misses you.
You scratch the endoplasm.
You kill the endoplasm!
You miscast Ensorcelled Hibernation.
You are very lightly contaminated with residual magic.
Nothing appears to happen.
The endoplasm freezes you.
You are frozen.
Huge Dmg: -45%(-5hp) hp: 37%(4hp)
You are too injured to fight recklessly!
Casting: Ensorcelled Hibernation (safe; 12% risk of failure)
Confirm with . or Enter, or press ? or * to list all spells.
Aiming: Ensorcelled Hibernation (safe; 12% risk of failure)
Press: ? - help, Shift-Dir - straight line, f/p - endoplasm
Aim: an endoplasm (chance to affect: 61%)
The endoplasm resists with significant effort.
The endoplasm freezes you.
You are frozen.
You die...

..# #.##.. #†# #.# ..#
#.##.. #.# . ... .J#
#.###. #.# #.#.###..####
#.#... #.# l....... ...
#.##.# #.# #.###.###.#
#....# #.# #.......#.#
#.#### #.#
.##.###.##.##.#.# ###
#.#
.......@J.......########
#.#
###.#..###.##...........
#.# #....
...############# #.#
###.####.# #.# .. #.#
#.# .## #.# #.# #. #.#
#.# # #.# #.#


You could see an endoplasm.

Vanquished Creatures
  A bat (D:1)
  2 endoplasms (D:1)
  A giant cockroach (D:1)
  5 frilled lizards (D:1)
  A goblin (D:1)
  2 rats (D:1)
12 creatures vanquished.

Notes
Turn   | Place    | Note
-------+----------+-------------------------------------------
     0 | D:1      | Lexodia the Felid Enchanter began the quest for the Orb.
     0 | D:1      | Reached XP level 1. HP: 7/7 MP: 4/4
    52 | D:1      | Huge Dmg: 2 dmg
   306 | D:1      | Huge Dmg: 2 dmg
   324 | D:1      | Huge Dmg: 2 dmg
   325 | D:1      | Huge Dmg: 4 dmg
   326 | D:1      | Reached XP level 2. HP: 2/11 MP: 6/6
   370 | D:1      | Learned a level 2 spell: Ensorcelled Hibernation
   504 | D:1      | Huge Dmg: 3 dmg
   508 | D:1      | Huge Dmg: 5 dmg
   508 | D:1      | Frozen to death by an endoplasm

Illustrated notes

Levels and vault maps discovered:
D:1:      amcnicky_arrival_abandoned_market, layout_basic

Action                     || total
---------------------------++-------
  Melee: Unarmed           ||    30
         Punch             ||     1
         Bite              ||     1
   Cast: Ensorcelled Hiber ||     1
   Stab: Sleeping          ||     3
 Armour: Skin              ||     1
  Dodge: Dodged            ||    17

Table legend: (Time is in decaauts)
 A = Elapsed time spent in this place.
 B = Non-inter-level travel time spent in this place.
 C = Inter-level travel time spent in this place.
 D = Time resting spent in this place.
 E = Time spent auto-exploring this place.
 F = Levels seen in this place.
 G = Mean time per level.
                   A        B        C        D        E       F      G
               +--------+--------+--------+--------+--------+-----+--------+
         Total |    426 |    426 |      0 |     41 |    287 |   1 |  426.0 |
       Dungeon |    426 |    426 |      0 |     41 |    287 |   1 |  426.0 |
               +--------+--------+--------+--------+--------+-----+--------+

Top non-repeatable levels by time:
     D:1: 426 daAuts
